 Dungeon Crawl Stone Soup version 0.30.0-15-g856e2d3f33 (webtiles) character file.

Game seed: 16983965518783948257

57 ProzacElf the Chucker (level 3, -2/27 HPs)
             Began as a Demonspawn Wanderer on May 19, 2023.
             Frozen to death by an endoplasm (4 damage)
             ... on level 2 of the Dungeon.
             The game lasted 00:02:35 (1040 turns).

ProzacElf the Chucker (Demonspawn Wanderer)         Turns: 1040, Time: 00:02:36

Health: -2/27      AC:  4    Str: 15 (18) XL:     3   Next: 73%
Magic:  3/3        EV: 11    Int:  9 (10) God:
Gold:   75         SH:  0    Dex:  8 (11) Spells: 2/2 levels left

rFire   . . .        a - +2 dagger
rCold   . . .        (no shield)
rNeg    . . .        c - +2 robe {Will+}
rPois   .            (no helmet)
rElec   .            (no cloak)
rCorr   .            (no gloves)
SInv    .            (no boots)
Will    +....        (no amulet)
Stlth   +            (no ring)
HPRegen 0.24/turn    (no ring)
MPRegen 0.08/turn

%: no passive effects
@: no status effects
A: foul stench 1
a: no special abilities


You were on level 2 of the Dungeon.
You visited 1 branch of the dungeon, and saw 2 of its levels.

You collected 75 gold pieces.

Inventory:

Hand Weapons
 a - a +2 dagger (weapon)
 b - a +0 spear
Armour
 c - a +2 robe of willpower (worn)
 f - a +0 leather armour
 m - a +0 ring mail
Scrolls
 e - 2 scrolls of fog
 h - a scroll of blinking {unknown}
 j - a scroll of fear {unknown}
 k - 2 scrolls of teleportation {unknown}
 n - a scroll of magic mapping {unknown}
 r - a scroll of brand weapon {unknown}
Potions
 d - a potion of lignification
 g - a potion of degeneration
 i - a potion of attraction {unknown}
 l - 2 potions of heal wounds {unknown}
 o - a potion of curing {unknown}
 p - a potion of brilliance {unknown}
 q - a potion of ambrosia {unknown}


   Skills:
 - Level 2.0 Fighting
 + Level 2.5 Polearms
 + Level 4.1 Throwing
 - Level 1.0 Armour
 - Level 1.0 Dodging
 + Level 1.7 Stealth


You had 2 spell levels left.
You didn't know any spells.
Your spell library contained the following spells:

 Spells                   Type           Power      Damage    Failure   Level
 Freeze                   Ice            0%         1d3       38%         1
 Blink                    Tloc           0%         N/A       52%         2
 Lesser Beckoning         Tloc           0%         N/A       52%         2
 Momentum Strike          Conj/Tloc      0%         3d8       52%         2
 Frozen Ramparts          Ice            0%         1d1       77%         3
 Hailstorm                Conj/Ice       0%         3d3       77%         3


Dungeon Overview and Level Annotations

Branches:
Dungeon (2/15)

Altars:
Trog


Innate Abilities, Weirdness & Mutations

You may rarely emit foul miasma when damaged in melee.


Message History

Tha adder be moderately wounded.
Ye feel sick.
Ye be nay longer poison'd.
Tha adder bites ye but does nay damage.
Tha endoplasm hits ye.
Ye take 2 damage, an' haf 13/27 hp.
Ye be too injured ta fight recklessly!
Ye be too injured ta fight recklessly!
Ye be too injured ta fight recklessly!
Ye be too injured ta fight recklessly!
Ye be too injured ta fight recklessly!
Ye be too injured ta fight recklessly!
Ye be too injured ta fight recklessly!
Ye be too injured ta fight recklessly!
Ye be too injured ta fight recklessly!
Ye be too injured ta fight recklessly!
Ye be too injured ta fight recklessly!
Ye be too injured ta fight recklessly!
Ye be too injured ta fight recklessly!
Ye be too injured ta fight recklessly!
Ye be too injured ta fight recklessly!
Ye be too injured ta fight recklessly!
Ye be too injured ta fight recklessly!
Ye be too injured ta fight recklessly!
Ye be too injured ta fight recklessly!
Ye be too injured ta fight recklessly!
Tha endoplasm freezes ye.
Ye be froz'n.
* * * LOW HITPOINT WARNIN'
* * * Tha adder bites ye.
* * * LOW HITPOINT WARNIN'
* * * Ye take 8 damage, an' haf 5/27 hp.
MASSIVE DAMAGE!!
Tha endoplasm attacks as ye move away!
Tha endoplasm hits ye.
* * * LOW HITPOINT WARNIN'
* * * Ye take 3 damage, an' haf 2/27 hp.
It was a potion o' degeneration.
Thar was somethin' very wrong wit tha liquid.
Ye feel weaken'd.
Ye feel dopey.
Ye feel clumsy.
Tha endoplasm freezes ye.
Ye be froz'n.
Ye die...

..>.....................
....#.#########..#######
###.#.# #..# # #.#.#
#..######## # #.#.#
#.......... # #.#.#
##.#######. # #.#.. #.#
. ..... #.# # # #.# #@#
... #.# ###.####J#...#
#.# ........S.#
###.###...# #...# ...#..
....##.# ##### .# #


You could see an adder and an endoplasm.

Vanquished Creatures
  Jessica (D:2)
  5 goblins
  2 hobgoblins
  2 jackals (D:1)
  7 kobolds
  6 ball pythons
  3 bats (D:1)
  A frilled lizard (D:1)
  4 rats
31 creatures vanquished.

Notes
Turn   | Place    | Note
-------+----------+-------------------------------------------
     0 | D:1      | ProzacElf the Demonspawn Wanderer began the quest for the
                  | Orb.
     0 | D:1      | ProzacElf set off with the following items: a +2 dagger, a
                  | curare-tipped dart, a +0 spear, a potion of lignification,
                  | a scroll of fog, a +0 leather armour.
     0 | D:1      | Reached XP level 1. HP: 16/16 MP: 1/1
    56 | D:1      | Gained mutation: You may rarely emit foul miasma when
                  | damaged in melee. [demonic ancestry]
    56 | D:1      | Reached XP level 2. HP: 5/22 MP: 2/2
   191 | D:1      | Reached skill level 1 in Stealth
   871 | D:2      | Noticed Jessica
   879 | D:2      | Reached skill level 4 in Throwing
   887 | D:2      | Killed Jessica
   888 | D:2      | Reached XP level 3. HP: 11/27 MP: 3/3
   975 | D:2      | Found a bloodstained altar of Trog.
  1040 | D:2      | Frozen to death by an endoplasm

Illustrated notes

Levels and vault maps discovered:
D:1:      dpeg_arrival_rooms_c, layout_rooms, minmay_cupped
D:2:      layout_loops_ring, serial_forest, infiniplex_forest_straight_2,
          infiniplex_forest_clump_small, infiniplex_forest_straight_2,
          infiniplex_forest_straight_2, infiniplex_forest_pool,
          infiniplex_forest_straight_3, infiniplex_forest_clump_small,
          infiniplex_forest_straight_3, infiniplex_forest_end_2, basic_altar,
          uniq_jessica

Skill      XL: |  1  2 |
---------------+-------+-----
Polearms       | 2 |  2.5
Stealth        | 1 |  1.7
Throwing       | 4 |  4.1
Fighting       | |  2.0
Armour         | |  1.0
Dodging        | |  1.0

Action                     || total
---------------------------++-------
  Melee: Dagger            ||   118
  Throw: Dart              ||     1
    Use: Potion            ||     1
 Armour: Leather armour    ||    26
         Ring mail         ||     3
         Robe              ||     4
  Dodge: Dodged            ||    83

Action                     || total
---------------------------++-------
  Melee: Dagger            ||   118
  Throw: Dart              ||     1
    Use: Potion            ||     1
 Armour: Leather armour    ||    26
         Ring mail         ||     3
         Robe              ||     4
  Dodge: Dodged            ||    83

Levels and vault maps discovered:
D:1:      dpeg_arrival_rooms_c, layout_rooms, minmay_cupped
D:2:      layout_loops_ring, serial_forest, infiniplex_forest_straight_2,
          infiniplex_forest_clump_small, infiniplex_forest_straight_2,
          infiniplex_forest_straight_2, infiniplex_forest_pool,
          infiniplex_forest_straight_3, infiniplex_forest_clump_small,
          infiniplex_forest_straight_3, infiniplex_forest_end_2, basic_altar,
          uniq_jessica
